 Dungeon Crawl Stone Soup version 0.28-a0-794-gafe8c5f9e9 (webtiles) character file.

Game seed: 7652652886106262009

5824 siradein the Fighter (level 10, -1/136 HPs)
             Began as a Minotaur Berserker on Nov 5, 2021.
             Was an Elder of Trog.
             Killed from afar by an acid dragon (10 damage)
             ... with a splash of acid
             ... on level 8 of the Dungeon.
             The game lasted 00:23:46 (6067 turns).

siradein the Fighter (Minotaur Berserker)           Turns: 6067, Time: 00:23:47

Health: -1/136     AC: 12    Str: 23    XL:     10   Next: 51%
Magic:  9/9        EV: 14    Int:  4    God:    Trog [****..]
Gold:   154        SH:  6    Dex: 12    Spells: 9/9 levels left

rFire   . . .      SeeInvis .   D - +2 scimitar (flame)
rCold   + . .      Faith    .   f - +0 buckler
rNeg    . . .      Spirit   .   p - +3 ring mail {rC+}
rPois   .          Reflect  .   (helmet restricted)
rElec   .          Harm     .   E - scarf {+Inv}
rCorr   +          Rampage  .   d - +1 pair of gloves
Will    ++...                   (no boots)
Stlth   ..........              m - amulet of regeneration
HPRegen 2.32/turn               k - ring of resist corrosion
MPRegen 0.11/turn               (no ring)

@: berserking, strong-willed, regenerating, very quick
A: horns 2, retaliatory headbutt
a: Renounce Religion, Evoke Invisibility, Berserk, Trog's Hand, Brothers in Arms


You were on level 8 of the Dungeon.
You worshipped Trog.
Trog was greatly pleased with you.
You visited 1 branch of the dungeon, and saw 8 of its levels.
You also visited: Ossuary.

You collected 434 gold pieces.
You spent 280 gold pieces at shops.

Inventory:

Hand Weapons
 D - a +2 scimitar of flaming (weapon)
Missiles
 a - 3 atropa-tipped darts
 e - a throwing net
 t - 19 poisoned darts (quivered)
Armour
 d - a +1 pair of gloves (worn)
 f - a +0 buckler (worn)
 p - a +3 ring mail of cold resistance (worn)
 E - a scarf of invisibility (worn)
Jewellery
 b - an amulet of reflection
 k - a ring of resist corrosion (left hand)
 m - an amulet of regeneration (around neck)
Wands
 x - a wand of flame (25)
 y - a wand of digging (5)
 B - a wand of acid (9)
Scrolls
 g - a scroll of enchant armour
 i - a scroll of identify
 j - 4 scrolls of blinking
 n - a scroll of fog {unknown}
 o - a scroll of immolation {unknown}
 u - a scroll of fear {unknown}
 C - 3 scrolls of magic mapping
Potions
 c - 3 potions of heal wounds
 l - 5 potions of curing
 q - a potion of magic
 r - a potion of attraction
 s - 3 potions of brilliance {unknown}
 v - 2 potions of mutation {unknown}
 w - a potion of flight {unknown}
 z - 2 potions of cancellation {unknown}
 A - 3 potions of might {unknown}
Miscellaneous
 h - a piece from Xom's chessboard (15/15)


   Skills:
 + Level 9.3 Fighting
 + Level 9.3 Long Blades
 + Level 8.9 Armour
 + Level 8.1 Dodging
 + Level 8.3 Shields


You had 9 spell levels left.
You didn't know any spells.
Your spell library was empty.

Dungeon Overview and Level Annotations

Branches:
Dungeon (8/15)             Temple (0/1) D:6         Ossuary (visited)
   Lair: D:8-11

Altars:
Gozag
Nemelex Xobeh
Okawaru
Ru
Wu Jian
Xom
The Shining One

Shops:
D:2 =   D:4 (?*?[

Annotations:
D:3 3 runed translucent doors, flotson's ghost, amateur DsDe; pokeman's ghost, amateur DEWz; ytrimaz's ghost, amateur DsGl


Innate Abilities, Weirdness & Mutations

You have a pair of horns on your head.
You reflexively headbutt those who attack you in melee.


Message History

The six-headed hydra bites you!
The six-headed hydra bites you but does no damage.
The six-headed hydra bites you!
* * * LOW HITPOINT WARNING * * *
The six-headed hydra bites you but does no damage.
The six-headed hydra barely misses you.
You lop one of the six-headed hydra's heads off!
The flame cauterises the wound!
You slash the five-headed hydra! You burn the five-headed hydra.
The five-headed hydra is heavily wounded.
The wight misses you. The five-headed hydra bites you!
* * * LOW HITPOINT WARNING * * *
You block the five-headed hydra's attack.
The five-headed hydra closely misses you.
The five-headed hydra bites you.
* * * LOW HITPOINT WARNING * * *
The five-headed hydra misses you.
You hack one of the five-headed hydra's heads off!
The flame cauterises the wound!
You slice the four-headed hydra!! You burn the four-headed hydra!
The four-headed hydra is almost dead.
Unknown command.
You hack one of the four-headed hydra's heads off!
The flame cauterises the wound!
You slash the three-headed hydra! You burn the three-headed hydra.
You feel the power of Trog in you as your rage grows.
You kill the three-headed hydra!
Trog accepts your kill.
The wight hits you from afar with a +0 halberd!
* * * LOW HITPOINT WARNING * * *
Your life force feels restored.
Your Dodging skill increases to level 8!
You slash the acid dragon! You burn the acid dragon.
You headbutt the acid dragon!
The acid dragon is severely wounded.
The wight hits you from afar with a +0 halberd!
* * * LOW HITPOINT WARNING * * *
The acid dragon spits acid at you. The splash of acid hits you! You resist.
You die...

#.#..##..#####. # ##.......# #.
.. #.#..#########. O.S.. ..
##.#.##8#8#8#8#. D.. ..#.
##.##..#.#.#.#.#. ...
#.###.#####.##............. ..[
#..#.##T....##..<.#.#.#.#.##
##.##..##..###g###..#.##8#8#8#8#
.#.#?.##......zD@..##.##########
.....##.[##....##..##..
##.###..###..####.###.#
...)...###.....##.# #.# ......##
#...:....# #.. #...#?#
#.....#### ### .###..# #.....# .
#..# #...<.# . #..# #######


You could see a troll, an acid dragon (catching breath), a wight and a gnoll.

Vanquished Creatures
  A catoblepas (D:8)
  A hydra (D:8)
  A centaur warrior (D:8)
  A two-headed ogre (D:8)
  2 centaur zombies (D:6)
  2 wraiths (Ossuary)
  Eustachio (D:6)
  An orc warrior (D:6)
  A black bear (D:7)
  3 sky beasts
  3 necrophages
  3 ogres
  A phantom (D:3)
  2 bullfrogs
  A gnoll sergeant (D:7)
  4 scorpions
  A wyvern zombie (D:7)
  2 wights (Ossuary)
  A bullfrog zombie (D:5)
  2 hounds (D:6)
  A centaur skeleton (D:4)
  4 orc priests
  2 jellies (D:6)
  4 iguanas
  Ijyb (D:5)
  Terence (D:2)
  Natasha (thrice) (D:2)
  A gnoll shaman (D:7)
  2 orc wizards (D:5)
  A scorpion zombie (D:5)
  2 hound skeletons (D:4)
  12 adders
  14 gnolls
  3 shadow imps
  An adder zombie (Ossuary)
  A worm (D:3)
  2 dart slugs
  14 orcs
  10 bats
  10 endoplasms
  A giant cockroach (D:5)
  3 goblins
  6 hobgoblins
  6 quokkas
  7 ball pythons
  2 ball python skeletons (Ossuary)
  3 frilled lizards
  2 hobgoblin zombies (Ossuary)
  6 kobolds
  2 kobold zombies (Ossuary)
  An orc skeleton (Ossuary)
  An orc zombie (Ossuary)
  5 rats
168 creatures vanquished.

Vanquished Creatures (others)
  4 withered plants (D:3)
4 creatures vanquished.

Grand Total: 172 creatures vanquished

Notes
Turn   | Place    | Note
-------+----------+-------------------------------------------
     0 | D:1      | siradein the Minotaur Berserker began the quest for the
                  | Orb.
     0 | D:1      | Reached XP level 1. HP: 19/19 MP: 0/0
   247 | D:1      | Reached XP level 2. HP: 27/27 MP: 1/1
   677 | D:2      | Reached XP level 3. HP: 25/33 MP: 2/2
   751 | D:2      | Noticed Terence
   764 | D:2      | Killed Terence
   765 | D:2      | Reached skill level 1 in Shields
   765 | D:2      | Reached ** piety under Trog
   902 | D:2      | Noticed a scorpion
   909 | D:2      | Killed a scorpion
   910 | D:2      | Reached XP level 4. HP: 41/41 MP: 3/3
  1067 | D:2      | Reached XP level 5. HP: 43/47 MP: 4/4
  1144 | D:2      | Noticed Natasha
  1153 | D:2      | Killed Natasha
  1220 | D:2      | Found Cyrib's Jewellery Shoppe.
  1249 | D:2      | Noticed Natasha
  1257 | D:2      | Killed Natasha
  1374 | D:2      | Noticed Natasha
  1383 | D:2      | Killed Natasha
  1865 | D:3      | Found an iron altar of Okawaru.
  1933 | D:3      | Found a runed translucent gate.
  1940 | D:3      | Found a runed translucent gate.
  1941 | D:3      | Found a runed translucent gate.
  1941 | D:3      | Noticed pokeman's ghost (amateur DEWz)
  1941 | D:3      | Noticed ytrimaz's ghost (amateur DsGl)
  1941 | D:3      | Noticed flotson's ghost (amateur DsDe)
  2046 | D:3      | Noticed a phantom
  2058 | D:3      | Killed a phantom
  2059 | D:3      | Reached skill level 5 in Fighting
  2059 | D:3      | Reached skill level 5 in Long Blades
  2059 | D:3      | Reached XP level 6. HP: 55/56 MP: 5/5
  2237 | D:4      | Found an opulent altar of Gozag.
  2273 | D:4      | Found Useefugy's Magic Scroll Boutique.
  2285 | D:4      | Bought a scroll of identify for 22 gold pieces
  2331 | D:4      | Found Goozxaipt's General Store.
  2351 | D:4      | Found Qynna's Magic Scroll Emporium.
  2365 | D:4      | Bought a potion of curing for 30 gold pieces
  2371 | D:4      | Found Kovveim's Antique Armour Shoppe.
  2379 | D:4      | Bought a scroll of identify for 20 gold pieces
  2379 | D:4      | Bought a scroll of identify for 20 gold pieces
  2379 | D:4      | Bought a scroll of magic mapping for 35 gold pieces
  2379 | D:4      | Bought a scroll of identify for 20 gold pieces
  2704 | D:4      | Reached *** piety under Trog
  2877 | D:4      | Found Ocug Fuluo's Weapon Shop.
  2895 | D:4      | Reached XP level 7. HP: 61/61 MP: 6/6
  3081 | D:5      | Entered Level 5 of the Dungeon
  3144 | D:5      | Reached skill level 5 in Armour
  3218 | D:5      | Found a sacrificial altar of Ru.
  3345 | D:5      | Found a sparkling altar of Nemelex Xobeh.
  3448 | D:5      | Noticed Ijyb
  3460 | D:5      | Killed Ijyb
  3668 | D:5      | Reached skill level 5 in Dodging
  3706 | D:5      | Reached XP level 8. HP: 70/70 MP: 7/7
  3869 | D:6      | Reached **** piety under Trog
  3879 | D:6      | Found a shimmering altar of Xom.
  3903 | D:6      | Found a sand-covered staircase.
  3918 | Ossuary  | Entered an ossuary
  4008 | Ossuary  | Noticed a flying skull
  4021 | Ossuary  | Noticed a flying skull
  4034 | Ossuary  | Noticed a flying skull
  4044 | Ossuary  | Noticed a flying skull
  4075 | Ossuary  | Reached skill level 5 in Shields
  4345 | D:6      | Noticed Eustachio
  4379 | D:6      | Killed Eustachio
  4380 | D:6      | Reached XP level 9. HP: 31/79 MP: 8/8
  4408 | D:6      | Found a staircase to the Ecumenical Temple.
  4440 | D:6      | Found an ornate altar of the Wu Jian Council.
  4473 | D:6      | Found a glowing golden altar of the Shining One.
  5027 | D:4      | Bought a glowing ring mail for 133 gold pieces
  5957 | D:8      | Noticed a catoblepas
  5985 | D:8      | Killed a catoblepas
  5986 | D:8      | Reached XP level 10. HP: 90/90 MP: 9/9
  6032 | D:8      | Noticed a two-headed ogre
  6036 | D:8      | Killed a two-headed ogre
  6038 | D:8      | Noticed a two-headed ogre
  6051 | D:8      | Noticed a centaur warrior
  6054 | D:8      | Noticed a seven-headed hydra
  6060 | D:8      | Killed a centaur warrior
  6066 | D:8      | Killed a three-headed hydra
  6067 | D:8      | Killed from afar by an acid dragon

Illustrated notes

Levels and vault maps discovered:
D:1:      erik_arrival_blinker_ship, layout_basic, columned_hall_lemuel
D:2:      layout_basic, serial_shops, shop, minmay_between, uniq_terence,
          uniq_natasha
D:3:      layout_loops_cross, mainiacjoe_overflow_brackets,
          gammafunk_ghost_cemetery, grunt_decor_junction
D:4:      minmay_recursive_quarters, layout_cave_pools, grunt_gozag_statues,
          serial_shops, shop, kennysheep_mini_moat, shop, kennysheep_little_box,
          shop_statue, minmay_misc_feat_encased
D:5:      layout_gridville, nicolae_ru_great_annihilating_truth,
          mainiacjoe_overflow_alcove_2, uniq_ijyb
D:6:      layout_cave_pools, xom_butterflies, nicolae_tso_swordbearing_angel,
          nicolae_wu_jian_immortal_techniques, temple_hall,
          nicolae_ossuary_entry_false_entrances, uniq_eustachio
D:7:      layout_basic
D:8:      minmay_the_grid_octo_triangle [minmay_the_grid_octo_horde,
          minmay_the_grid_octo_prize_big_c, minmay_the_grid_octo_toaster],
          layout_loops_cross, worldfamousw_hep_ancestral_shrine,
          minmay_misc_feat_hallway, uniq_prince_ribbit1

Skill      XL: |  1  2  3  4  5  6  7  8  9 10 |
---------------+-------------------------------+-----
Fighting       | 4 5 6 7 8 9 |  9.3
Long Blades    | 4 5 6 7 8 9 |  9.3
Armour         | 3 4 5 6 8 |  8.9
Shields        | 1 2 3 4 6 7 8 |  8.3
Dodging        | 3 4 5 6 7 8 |  8.1

Action                   |  1- 3 |  4- 6 |  7- 9 | 10-12 || total
-------------------------+-------+-------+-------+-------++-------
Melee: Falchion          |    50 |   125 |   259 |       ||   434
       Headbutt          |     5 |    22 |    76 |     4 ||   107
       Scimitar          |       |       |    82 |    15 ||    97
Invok: Berserk           |     1 |     1 |     5 |     1 ||     8
       Trog's Hand       |       |       |     1 |     1 ||     2
  Use: Scroll            |       |     8 |     7 |       ||    15
 Stab: Paralysed         |       |       |     1 |       ||     1
Armor: Animal skin       |     2 |       |       |       ||     2
       Ring mail         |    19 |    34 |   103 |    10 ||   166
Dodge: Dodged            |    42 |    57 |   219 |    17 ||   335
Block: Buckler           |     9 |    40 |    97 |     8 ||   154

Table legend: (Time is in decaauts)
 A = Elapsed time spent in this place.
 B = Non-inter-level travel time spent in this place.
 C = Inter-level travel time spent in this place.
 D = Time resting spent in this place.
 E = Time spent auto-exploring this place.
 F = Levels seen in this place.
 G = Mean time per level.
                   A        B        C        D        E       F      G
               +--------+--------+--------+--------+--------+-----+--------+
         Total |   6170 |   5930 |    240 |     64 |   4431 |   9 |  685.6 |
       Dungeon |   5789 |   5549 |    240 |     22 |   4257 |   8 |  723.6 |
       Ossuary |    380 |    380 |      0 |     42 |    174 |   1 |  380.0 |
               +--------+--------+--------+--------+--------+-----+--------+

Top non-repeatable levels by time:
     D:4: 889 daAuts
     D:6: 861 daAuts
     D:7: 826 daAuts
     D:2: 809 daAuts
     D:5: 806 daAuts
     D:3: 775 daAuts
     D:1: 671 daAuts
 Ossuary: 380 daAuts
     D:8: 148 daAuts
